 Dungeon Crawl Stone Soup version 0.30-a0-297-g0ec75d9ef4 (webtiles) character file.

Game seed: 4127393864350100463

2735 lonewolfV2 the Thaumaturge (level 9, -2/47 HPs)
             Began as a Gargoyle Earth Elementalist on Oct 19, 2022.
             Was a Believer of Ru.
             Slain by an acid dragon (3 damage)
             ... on level 8 of the Dungeon on Oct 20, 2022.
             The game lasted 00:27:52 (8214 turns).

lonewolfV2 the Thaumaturge (GrEE)                   Turns: 8214, Time: 00:27:53

Health: -2/47      AC:  8    Str: 28    XL:     9   Next: 67%
Magic:  19/21      EV: 12    Int: 24    God:    Ru [**....]
Gold:   380        SH:  0    Dex: 14    Spells: 19/24 levels left

rFire   . . .      SeeInvis .    l - staff of earth
rCold   . . .      Faith    .    (no shield)
rNeg    + . .      Spirit   .    j - +4 robe of Augmentation {Str+4 Int+4 Dex+4}
rPois   ∞          Reflect  .    (no helmet)
rElec   +          Harm     .    (no cloak)
rCorr   .          Rampage  .    (no gloves)
Will    .....                    (no boots)
Stlth   ++........               (no amulet)
HPRegen 0.27/turn                i - +6 ring of strength
MPRegen 0.17/turn                s - +6 ring of strength

@: corroded
A: sickness immunity, AC +6, negative energy resistance 1, electricity
resistance, torment resistance 1, petrification resistance, no earth magic, no
translocations magic, no transmutations magic, unskilled 1
a: Renounce Religion


You were on level 8 of the Dungeon.
You worshipped Ru.
Ru was pleased with you.
You visited 1 branch of the dungeon, and saw 8 of its levels.

You collected 380 gold pieces.

Inventory:

Missiles
 o - 2 throwing nets
Armour
 a - a +1 robe
 j - the +4 robe of Augmentation (worn) {Str+4 Int+4 Dex+4}
   (You found it on level 2 of the Dungeon)

   Str:       It affects your strength (+4).
   Int:       It affects your intelligence (+4).
   Dex:       It affects your dexterity (+4).
 n - a +2 pair of boots
Magical Staves
 l - a staff of earth (weapon)
Jewellery
 i - a +6 ring of strength (left hand)
 r - a ring of protection from cold
 s - a +6 ring of strength (right hand)
Wands
 g - a wand of charming (22)
 t - a wand of flame (17) (quivered)
Scrolls
 e - 4 scrolls of teleportation
 f - a scroll of torment
 w - 2 scrolls of poison
 y - a scroll of magic mapping
Potions
 b - a potion of magic
 c - a potion of attraction
 d - a potion of heal wounds
 h - a potion of flight
 k - a potion of brilliance
 m - 3 potions of degeneration
 p - a potion of might
 q - a potion of invisibility
 u - a potion of lignification
 v - a potion of mutation
 z - 2 potions of curing
 A - a potion of cancellation


   Skills:
 + Level 1.5 Fighting
 + Level 1.8 Staves
 + Level 2.4 Dodging
 + Level 3.2 Stealth
 * Level 8.1 Spellcasting
 + Level 2.7 Conjurations
 + Level 1.0 Fire Magic
 + Level 0.1 Evocations


You had 19 spell levels left.
You knew the following spells:

 Your Spells              Type           Power      Damage    Failure   Level
a - Sandblast             Erth           28%        2d8       6%          1
b - Stone Arrow           Conj/Erth      48%        3d10      11%         3
c - Foxfire               Conj/Fire      72%        2x1d7     3%          1

Your spell library contained the following spells:

 Spells                   Type           Power      Damage    Failure   Level
 Freeze                   Ice            36%        1d5       6%          1
 Ensorcelled Hibernation  Hex/Ice        18%        N/A       10%         2
 Hailstorm                Conj/Ice       16%        3d6       11%         3
 Frozen Ramparts          Ice            18%        1d3       19%         3
 Ozocubu's Armour         Ice            9%         N/A       19%         3
 Anguish                  Hex/Necr       4%         N/A       54%         4
 Fireball                 Conj/Fire      9%         3d6       63%         5
 Freezing Cloud           Conj/Ice/Air   7%         6-21      77%         5
 Starburst                Conj/Fire      9%         6d5       99%         6
 Ozocubu's Refrigeration  Ice            4%         4d8       100%        7
 Passwall                 Tmut/Erth      Unusable   N/A       N/A         2
 Ignite Poison            Fire/Tmut/Pois Unusable   N/A       N/A         3
 Kindle Blastsparks       Fire/Tloc/Air  Unusable   2d11      N/A         3
 Spider Form              Tmut/Pois      Unusable   N/A       N/A         3
 Petrify                  Tmut/Erth      Unusable   N/A       N/A         4

Dungeon Overview and Level Annotations

Branches:
Dungeon (8/15)             Temple (0/1) D:6
   Lair: D:8-11

Altars:
Cheibriados
Dithmenos
Elyvilon
Kikubaaqudgha
Makhleb
Okawaru
Ru
Sif Muna
Uskayaw
Wu Jian
Yredelemnul


Innate Abilities, Weirdness & Mutations

You are immune to sickness and miasma.
Your stone body is resilient. (AC +6)
You are immune to poison.
You resist negative energy. (rN+)
You are resistant to electric shocks. (rElec)
You are resistant to unholy torment.
You are immune to petrification.
You cannot study or cast Earth magic.
You cannot study or cast Translocations magic.
You cannot study or cast Transmutations magic.
You are somewhat unskilled. (-1 Apt)


Message History

Your Fire Magic skill increases to level 1!
Things that are here:
a +1 vampiric whip; a kobold corpse
Things that are here:
a +1 vampiric whip; a kobold corpse
As you read the scroll of identify, it crumbles to dust.
d - a potion of heal wounds
As you read the scroll of identify, it crumbles to dust.
v - a potion of mutation You now have 380 gold pieces (gained 15).
The acid dragon roars!
The acid dragon spits acid at you. The splash of acid misses you.
Found a potion of ambrosia.
The acid dragon attacks as you move away!
The acid dragon bites you but does no damage.
The acid dragon claws you.
Casting: Foxfire (safe; 3% risk of failure)
Confirm with . or Enter, or press ? or * to list all spells.
You conjure some foxfire!
The acid dragon bites you but does no damage.
The acid dragon closely misses you.
You barely miss the acid dragon.
The foxfire hits the acid dragon.
The acid dragon is lightly wounded.
The foxfire hits the acid dragon but does no damage.
The acid dragon is lightly wounded.
The acid dragon closely misses you. The acid dragon claws you.
You closely miss the acid dragon.
The acid dragon is lightly wounded.
The acid dragon spits acid at you. The splash of acid hits you!!
* * * LOW HITPOINT WARNING * * *
The acid corrodes you!
You hear a howl! x2
Casting: Foxfire (safe; 3% risk of failure)
Confirm with . or Enter, or press ? or * to list all spells.
You conjure some foxfire!
The acid dragon bites you!
* * * LOW HITPOINT WARNING * * *
The acid dragon claws you.
You die...

## #....# ... #....# #..
..... #.#..!.######
#..#.......?#
...#.#...(#..
######.#.#.#.....#
.......v@D...###.#
#.######v###....#.####
..##.######.###..#.#.....
#.........).......!......
##......)...#......#.
######............#
#....#.......#
#....##..)<#.#
#....##.)#.#...


You could see an acid dragon (catching breath, ally target).

Vanquished Creatures
  A two-headed ogre (D:7)
  Duvessa (D:5)
  An orc warrior (D:7)
  A black bear (D:6)
  An ogre (D:6)
  2 centaurs
  A kobold brigand (D:8)
  Blork the orc (D:6)
  3 bullfrogs
  A necrophage (D:7)
  2 scorpions (D:6)
  4 wights (D:7)
  Dowan (D:5)
  3 hounds (D:6)
  A jelly (D:4)
  2 gnoll boudas
  6 orc priests
  4 iguanas
  5 orc wizards (D:5)
  13 gnolls
  3 adders
  A shadow imp (D:7)
  An ufetubus (D:6)
  2 worms
  2 dart slugs
  35 orcs
  5 ball pythons
  3 endoplasms
  A giant cockroach (D:3)
  4 goblins
  5 hobgoblins
  2 jackals (D:2)
  14 kobolds
  5 quokkas
  5 bats
  4 frilled lizards
  8 rats
154 creatures vanquished.

Vanquished Creatures (others)
  67 foxfires
67 creatures vanquished.

Grand Total: 221 creatures vanquished

Notes
Turn   | Place    | Note
-------+----------+-------------------------------------------
     0 | D:1      | lonewolfV2 the Gargoyle Earth Elementalist began the quest
                  | for the Orb.
     0 | D:1      | Reached XP level 1. HP: 10/10 MP: 3/3
   196 | D:1      | Reached XP level 2. HP: 15/15 MP: 3/5
   317 | D:1      | Found a faded altar of an unknown god.
  1309 | D:2      | Reached XP level 3. HP: 16/19 MP: 2/6
  1374 | D:2      | Found the +4 robe of Augmentation {Str+4 Int+4 Dex+4}
  2165 | D:3      | Reached skill level 3 in Spellcasting
  2310 | D:3      | Reached XP level 4. HP: 22/24 MP: 6/8
  2337 | D:3      | Learned a level 3 spell: Stone Arrow
  2777 | D:3      | Found a burning altar of Makhleb.
  2887 | D:3      | Reached XP level 5. HP: 14/28 MP: 2/10
  3376 | D:4      | Reached skill level 5 in Earth Magic
  3431 | D:4      | Found an ancient bone altar of Kikubaaqudgha.
  3431 | D:4      | Found a snail-covered altar of Cheibriados.
  3431 | D:4      | Found a sacrificial altar of Ru.
  3431 | D:4      | Found an ornate altar of the Wu Jian Council.
  3432 | D:4      | Found a white marble altar of Elyvilon.
  3432 | D:4      | Found an iron altar of Okawaru.
  3435 | D:4      | Found a basalt altar of Yredelemnul.
  3436 | D:4      | Found a hide-covered altar of Uskayaw.
  3436 | D:4      | Found a shimmering blue altar of Sif Muna.
  3437 | D:4      | Found a shadowy altar of Dithmenos.
  3451 | D:4      | Became a worshipper of Ru the Awakened
  3648 | D:4      | Reached skill level 1 in Conjurations
  4073 | D:5      | Entered Level 5 of the Dungeon
  4076 | D:5      | Reached skill level 4 in Spellcasting
  4077 | D:5      | Reached XP level 6. HP: 32/32 MP: 5/12
  4148 | D:5      | Learned a level 1 spell: Foxfire
  4706 | D:5      | Reached XP level 7. HP: 28/36 MP: 6/13
  4718 | D:5      | Noticed Duvessa
  4740 | D:5      | Killed Duvessa
  4741 | D:5      | Noticed Dowan
  4749 | D:5      | Killed Dowan
  4750 | D:5      | Reached skill level 1 in Staves
  4750 | D:5      | Gained mutation: You are somewhat unskilled. (-1 Apt) [Ru
                  | sacrifice]
  4750 | D:5      | Reached * piety under Ru
  5055 | D:5      | Reached skill level 1 in Fighting
  5262 | D:6      | Noticed Blork the orc
  5269 | D:6      | Killed Blork the orc
  5498 | D:6      | Reached XP level 8. HP: 33/43 MP: 8/15
  5574 | D:6      | Reached skill level 5 in Spellcasting
  6041 | D:6      | Found a staircase to the Ecumenical Temple.
  6735 | D:7      | Reached skill level 6 in Spellcasting
  7174 | D:7      | Reached XP level 9. HP: 34/47 MP: 13/19
  7387 | D:7      | Noticed a two-headed ogre
  7394 | D:7      | Killed a two-headed ogre
  7395 | D:7      | Reached skill level 7 in Spellcasting
  7976 | D:7      | Gained mutation: You cannot study or cast Earth magic. [Ru
                  | sacrifice]
  7976 | D:7      | Gained mutation: You cannot study or cast Transmutations
                  | magic. [Ru sacrifice]
  7976 | D:7      | Gained mutation: You cannot study or cast Translocations
                  | magic. [Ru sacrifice]
  7976 | D:7      | Reached ** piety under Ru
  8127 | D:8      | Reached skill level 8 in Spellcasting
  8195 | D:8      | Reached skill level 1 in Fire Magic
  8214 | D:8      | HP: 1/47 [acid dragon (8)]
  8214 | D:8      | Slain by an acid dragon

Illustrated notes

Levels and vault maps discovered:
D:1:      sevenhm_arrival_forest_fort_small_3, layout_basic,
          ebering_ecumenical_altar_webs
D:2:      layout_loops_ring
D:3:      layout_rooms, marbit_many_paths
D:4:      layout_cave_pods, nicolae_overflows_in_rows
D:5:      layout_loops_cross, uniq_duvessa
D:6:      nicolae_cairo_tiling_very_big, layout_layer_cave,
          minmay_temple_entry_poolview, uniq_blork_the_orc
D:7:      layout_gridville
D:8:      layout_basic, enter_bailey_2, hangedman_decor_push, uniq_grum,
          uniq_prince_ribbit1

Skill      XL: |  1  2  3  4  5  6  7  8  9 |
---------------+----------------------------+-----
Earth Magic    | 4 5 6 7 0 |  0.0
Spellcasting   | 3 4 6 8 |  8.1
Conjurations   | 1 2 |  2.7
Dodging        | 2 |  2.4
Stealth        | 3 3 |  3.2
Staves         | 1 |  1.8
Fighting       | 1 |  1.5
Fire Magic     | 1 |  1.0
Evocations     | |  0.1

Action                   |  1- 3 |  4- 6 |  7- 9 || total
-------------------------+-------+-------+-------++-------
Melee: Unarmed           |     2 |       |       ||     2
       Staff             |       |    12 |    40 ||    52
 Cast: Sandblast         |    50 |    58 |    76 ||   184
       Stone Arrow       |       |     8 |    14 ||    22
       Foxfire           |       |     2 |    46 ||    48
Invok: Sacrifice Skill   |       |       |     1 ||     1
       Sacrifice Arcana  |       |       |     1 ||     1
Evoke: Wand              |       |     3 |     1 ||     4
  Use: Scroll            |     6 |     8 |    10 ||    24
       Potion            |       |     1 |     2 ||     3
Armor: Robe              |     8 |    29 |    41 ||    78
Dodge: Dodged            |    15 |    45 |    52 ||   112
Block: Buckler           |     4 |       |       ||     4

Table legend: (Time is in decaauts)
 A = Elapsed time spent in this place.
 B = Non-inter-level travel time spent in this place.
 C = Inter-level travel time spent in this place.
 D = Time resting spent in this place.
 E = Time spent auto-exploring this place.
 F = Levels seen in this place.
 G = Mean time per level.
                   A        B        C        D        E       F      G
               +--------+--------+--------+--------+--------+-----+--------+
         Total |   8310 |   8059 |    251 |   1649 |   5152 |   8 | 1038.8 |
       Dungeon |   8310 |   8059 |    251 |   1649 |   5152 |   8 | 1038.8 |
               +--------+--------+--------+--------+--------+-----+--------+

Top non-repeatable levels by time:
     D:7: 1628 daAuts
     D:6: 1236 daAuts
     D:5: 1210 daAuts
     D:1: 1177 daAuts
     D:3: 1127 daAuts
     D:4: 939 daAuts
     D:2: 871 daAuts
     D:8: 120 daAuts
